 Dungeon Crawl Stone Soup version 0.26-a0-837-g5a8a614f01 (webtiles) character file.

Game seed: 16350691901382498333

301 Morbidden the Sneak (level 6, -4/47 HPs)
             Began as a Demonspawn Brigand on Nov 18, 2020.
             Killed from afar by a quokka (39 damage)
             ... with an exploding inner flame
             ... summoned by Eustachio
             ... hexed by the player character
             ... on level 5 of the Dungeon.
             The game lasted 00:05:46 (3861 turns).

Morbidden the Sneak (Demonspawn Brigand)            Turns: 3861, Time: 00:05:47

Health: -4/47      AC:  3    Str: 12    XL:     6   Next: 14%
Magic:  6/6        EV: 15    Int: 20    God:
Gold:   312        SH:  4    Dex: 14    Spells: 5/5 levels left

rFire    . . .     SeeInvis .   a - +2 dagger
rCold    . . .     Faith    .   n - +0 buckler
rNeg     . . .     Spirit   .   b - +0 robe
rPois    .         Reflect  .   (no helmet)
rElec    .         Harm     .   c - +0 cloak
rCorr    .         Rampage  .   (no gloves)
MR       .....                  (no boots)
Stlth    +++.......             j - amulet of regeneration
HPRegen  0.55/turn              v - +6 ring of intelligence
MPRegen  0.10/turn              (no ring)

@: no status effects
A: talons 1, repulsion field 2, demonic guardian 1, rot immunity
a: no special abilities


You were on level 5 of the Dungeon.
You visited 1 branch of the dungeon, and saw 5 of its levels.

You collected 312 gold pieces.

Inventory:

Hand Weapons
 a - a +2 dagger (weapon)
Missiles
 d - 6 poisoned darts (quivered)
 e - 2 curare-tipped darts
 t - 7 javelins
Armour
 b - a +0 robe (worn)
 c - a +0 cloak (worn)
 n - a +0 buckler (worn)
Jewellery
 j - an amulet of regeneration (around neck)
 v - a +6 ring of intelligence (left hand)
Scrolls
 f - a scroll of random uselessness {unknown}
 g - 5 scrolls of identify {unknown}
 h - a scroll of fog {unknown}
 i - 3 scrolls of noise {unknown}
 l - a scroll of enchant weapon {unknown}
 q - 4 scrolls of teleportation {unknown}
 r - 5 scrolls of remove curse
Potions
 k - a potion of flight {unknown}
 m - a potion of mutation {unknown}
 o - a potion of might {unknown}
 p - a potion of magic {unknown}
 u - a potion of curing {unknown}
 x - a potion of resistance {unknown}
 z - a potion of heal wounds {unknown}
 A - a potion of brilliance {unknown}
 B - a potion of lignification {unknown}


   Skills:
 * Level 3.0 Fighting
 + Level 3.1 Short Blades
 + Level 2.0 Throwing
 * Level 2.3 Dodging
 + Level 4.9 Stealth
 * Level 2.0 Shields


You had 5 spell levels left.
You didn't know any spells.
Your spell library contained the following spells:

 Spells                   Type           Power        Failure   Level
 Animate Skeleton         Necr           #.....       24%         1
 Apportation              Tloc           #.....       24%         1
 Corona                   Hex            #......      24%         1
 Summon Small Mammal      Summ           #...         24%         1


Dungeon Overview and Level Annotations

Branches:
Dungeon (5/15)
 Temple: D:4-7

Altars:
Ashenzari
Elyvilon
Qazlal
Uskayaw
Xom
Yredelemnul

Annotations:
D:5 Eustachio, Grinder


Innate Abilities, Weirdness & Mutations

You have sharp toenails.
You are surrounded by a moderate repulsion field. (EV +3)
A weak demonic guardian rushes to your aid.
You are immune to rotting.


Message History

Gang up on whom?
Press: ? - help, Dir - move target cursor, f - rat
Aim: a rat (summoned)
Okay, then.
The quokka closely misses your white imp.
The rat closely misses your white imp. Something bites your white imp.
Flame seeps out of your white imp. Something bites your white imp.
Flame seeps out of your white imp.
Your white imp closely misses the quokka.
You hit the quokka.
The quokka is heavily wounded.
The quokka closely misses you.
You hit the quokka.
You kill the quokka!
Your white imp hits the rat but does no damage.
You hit the quokka.
The quokka explodes!
The fiery explosion engulfs you!!!
Ouch! That really hurt!
You die...

##.######.#...#
........#...#.#######
#..r§. #.........#
#Z..# #.####.!#.#
##..#######.####..#.#
...c.Z.5..r....#.!#.#
##..########.#.#.r5.#
...<....... .#.##.###
##.######## ##..@§#
#.# ###### ... #...
.... ##. #.


You could see a rat (summoned) and a friendly white imp (summoned, inner flame).

Vanquished Creatures
  An orc priest (D:4)
  2 orc wizards
  2 worker ants (D:4)
  5 adders
  A shadow imp (D:3)
  2 oozes
  An adder skeleton (D:4)
  A worm (D:2)
  A dart slug (D:3)
  3 leopard geckos
  7 orcs
  A giant cockroach (D:3)
  4 goblins (D:1)
  5 hobgoblins
  6 jackals
  7 kobolds
  3 quokkas
  A ball python (D:4)
  10 bats
  6 frilled lizards
  6 rats
75 creatures vanquished.

Vanquished Creatures (collateral kills)
  An orc wizard (D:3)
  Crazy Yiuf (D:3)
  4 orcs
  A giant cockroach (D:3)
  A goblin (D:3)
  A bat (D:3)
9 creatures vanquished.

Vanquished Creatures (others)
  A fungus (D:3)
1 creature vanquished.

Grand Total: 85 creatures vanquished

Notes
Turn   | Place    | Note
-------+----------+-------------------------------------------
     0 | D:1      | Morbidden the Demonspawn Brigand began the quest for the
                  | Orb.
     0 | D:1      | Reached XP level 1. HP: 16/16 MP: 1/1
   215 | D:1      | Reached skill level 4 in Stealth
   229 | D:1      | Gained mutation: You are immune to rotting. [demonic
                  | ancestry]
   229 | D:1      | Reached XP level 2. HP: 22/22 MP: 2/2
   335 | D:1      | Reached skill level 1 in Dodging
   554 | D:1      | Gained mutation: You have sharp toenails. [demonic
                  | ancestry]
   554 | D:1      | Reached XP level 3. HP: 27/27 MP: 3/3
  1526 | D:2      | Found a stormy altar of Qazlal.
  1643 | D:2      | Reached skill level 1 in Shields
  1643 | D:2      | Gained mutation: A weak demonic guardian rushes to your
                  | aid. [demonic ancestry]
  1643 | D:2      | Reached XP level 4. HP: 34/34 MP: 4/4
  2325 | D:3      | Found a basalt altar of Yredelemnul.
  2449 | D:3      | Found a white marble altar of Elyvilon.
  2731 | D:3      | Found a runed translucent door.
  2732 | D:3      | Noticed Crazy Yiuf
  2856 | D:3      | Gained mutation: You are surrounded by a mild repulsion
                  | field. (EV +2) [demonic ancestry]
  2856 | D:3      | Reached XP level 5. HP: 18/39 MP: 5/5
  3006 | D:3      | Killed Crazy Yiuf
  3640 | D:4      | Found a burning altar of Makhleb.
  3642 | D:4      | Found a shadowy altar of Dithmenos.
  3642 | D:4      | Found a broken altar of Ashenzari.
  3644 | D:4      | Found a radiant altar of Vehumet.
  3644 | D:4      | Found a hide-covered altar of Uskayaw.
  3644 | D:4      | Found a shimmering altar of Xom.
  3647 | D:4      | Gained mutation: You are surrounded by a moderate repulsion
                  | field. (EV +3) [demonic ancestry]
  3647 | D:4      | Reached XP level 6. HP: 46/46 MP: 6/6
  3792 | D:5      | Entered Level 5 of the Dungeon
  3792 | D:5      | Noticed Grinder
  3818 | D:5      | Noticed Eustachio
  3861 | D:5      | Killed from afar by a quokka

Illustrated notes

Levels and vault maps discovered:
D:1:      minmay_arrival_four_houses, layout_basic, interstate_on_off
D:2:      layout_basic, marbit_many_paths
D:3:      layout_basic, kennysheep_ying_yang, uniq_crazy_yiuf_cottage
D:4:      layout_basic, doesnt_xom_only_xom
D:5:      layout_basic, okawaru_ov_weapons_minmay, gup_sewer_entry_pipe,
          uniq_edmund, uniq_sigmund, uniq_eustachio, uniq_grinder

Skill      XL: |  1  2  3  4  5  6 |
---------------+-------------------+-----
Stealth        | 4 |  4.9
Dodging        | 1 2 |  2.3
Short Blades   | 2 3 |  3.1
Shields        | 1 2 |  2.0
Throwing       | 2 |  2.0
Fighting       | 3 |  3.0

Action                   |  1- 3 |  4- 6 || total
-------------------------+-------+-------++-------
Melee: Dagger            |   101 |   151 ||   252
       Kick              |    11 |    28 ||    39
Throw: Dart              |     4 |    10 ||    14
  Use: Scroll            |       |     3 ||     3
 Stab: Sleeping          |     7 |     8 ||    15
Armor: Robe              |    15 |    22 ||    37
Dodge: Dodged            |    56 |    76 ||   132
Block: Buckler           |     4 |    22 ||    26

Table legend: (Time is in decaauts)
 A = Elapsed time spent in this place.
 B = Non-inter-level travel time spent in this place.
 C = Inter-level travel time spent in this place.
 D = Time resting spent in this place.
 E = Time spent auto-exploring this place.
 F = Levels seen in this place.
 G = Mean time per level.
                   A        B        C        D        E       F      G
               +--------+--------+--------+--------+--------+-----+--------+
         Total |   3839 |   3737 |    102 |    249 |   2814 |   5 |  767.8 |
       Dungeon |   3839 |   3737 |    102 |    249 |   2814 |   5 |  767.8 |
               +--------+--------+--------+--------+--------+-----+--------+

Top non-repeatable levels by time:
     D:2: 1307 daAuts
     D:3: 893 daAuts
     D:1: 832 daAuts
     D:4: 763 daAuts
     D:5: 43 daAuts
